Rangers vs Jets
Created - 24 janvier 2015 at 19:04
Goals
|
| Rangers |
0 |
2 |
1 |
3 |
| Jets |
0 |
0 |
0 |
0 |
|
Shots
|
| Rangers |
12 |
14 |
12 |
38 |
| Jets |
15 |
8 |
8 |
31 |
|
1st period
No Goal
Penalties :
No Penalty
2nd period
1. Rangers , Drew Stafford 11 (Mike Cammalleri, Mark Fistric) at 13:04
2. Rangers , Brad Richards 17 (Matt Greene, Radek Bonk) at 15:21
Penalties :
Matt Greene (NYR) for Holding Stick (Minor) at 10:08
3rd period
3. Rangers , Radek Bonk 6 (Ryan Whitney, Matt Read) at 6:47
Penalties :
Alexandre Burrows (NYR) for Roughing (Minor) at 0:44, Chris Thorburn (Win) for Slashing (Minor) at 3:07, Kimmo Timonen (NYR) for Tripping (Minor) at 16:00
Goalie Stats
Hannu Toivonen (NYR), 31 saves from 31 shots - (1,000), W, 6-4-0, 60:00 minutes
Ilya Bryzgalov (Win), 35 saves from 38 shots - (0,921), L, 8-8-2, 60:00 minutes
Players Stats for Rangers
Player Name G A P +/- PIM S H SB GA TA FO MP PP MP PK MP
------------------------------------------------------------------------------------
Alexandre Burrows 0 0 0 0 2 2 1 0 0 0 0/2 13:38 0:56 0:41
Alexei Emelin 0 0 0 1 0 1 0 0 0 0 0/0 11:39 0:00 0:00
Brad Richards 1 0 1 1 0 1 1 0 1 0 19/30 19:23 0:56 2:19
Cam Barker 0 0 0 1 0 1 0 0 1 2 0/0 23:12 0:00 3:37
Drew Stafford 1 0 1 1 0 2 1 1 0 0 0/0 17:09 1:03 0:00
Jakob Silfverberg 0 0 0 0 0 1 0 0 0 0 0/0 12:37 0:54 0:00
Johan Franzen 0 0 0 1 0 4 1 0 0 0 0/0 16:59 1:05 0:00
Kimmo Timonen 0 0 0 1 2 5 0 0 0 3 0/0 22:56 0:54 1:06
Mark Fistric 0 1 1 1 0 1 1 2 0 1 0/0 20:05 0:00 3:37
Matt Greene 0 1 1 1 2 1 2 1 0 1 0/0 16:03 0:00 1:14
Matt Read 0 1 1 1 0 0 2 0 0 0 0/0 8:25 0:00 0:00
Mike Cammalleri 0 1 1 1 0 2 0 0 0 0 0/1 16:41 0:56 0:00
Milan Lucic 0 0 0 1 0 5 0 1 0 0 1/1 20:35 1:03 3:38
Nathan Gerbe 0 0 0 1 0 1 1 0 1 0 0/0 8:25 0:00 0:00
Patrice Bergeron 0 0 0 1 0 6 1 1 1 0 7/14 20:24 1:03 3:38
Radek Bonk 1 1 2 1 0 3 0 0 1 0 0/4 10:04 0:00 1:38
Ryan Whitney 0 1 1 1 0 2 0 2 1 1 0/0 23:57 1:05 2:20
Valtteri Filppula 0 0 0 0 0 0 0 0 0 0 2/4 11:48 0:00 0:00
Players Stats for Jets
Player Name G A P +/- PIM S H SB GA TA FO MP PP MP PK MP
------------------------------------------------------------------------------------
Benoit Pouliot 0 0 0 0 0 2 1 0 1 0 1/1 21:37 3:20 1:02
Chris Thorburn 0 0 0 -2 2 3 2 0 0 0 1/1 9:13 0:00 0:00
Colin White 0 0 0 0 0 2 0 0 0 0 0/0 13:20 0:00 0:47
Darroll Powe 0 0 0 -2 0 3 0 0 0 0 2/2 9:06 0:00 0:16
Derek Roy 0 0 0 0 0 2 1 1 0 1 17/41 21:37 3:20 1:02
Dmitri Kalinin 0 0 0 0 0 4 2 2 1 0 0/0 26:50 3:48 1:12
Dustin Brown 0 0 0 0 0 0 0 2 2 0 1/2 20:35 3:20 0:00
Eric Fehr 0 0 0 -1 0 2 0 0 1 0 0/0 11:34 0:00 0:00
Fredrik Sjostrom 0 0 0 -1 0 0 0 0 0 0 0/0 12:11 0:00 0:37
Greg Campbell 0 0 0 -1 0 1 0 0 0 0 1/1 12:18 0:00 0:20
Jussi Jokinen 0 0 0 0 0 3 2 0 1 0 1/1 16:59 2:37 0:21
Marek Zidlicky 0 0 0 -3 0 0 2 1 0 2 0/0 19:50 2:09 0:00
Michal Rozsival 0 0 0 0 0 2 2 0 2 1 0/0 26:50 3:48 1:12
Mikko Koivu 0 0 0 0 0 3 3 0 0 0 3/7 16:38 2:37 0:00
Ryan Callahan 0 0 0 0 0 2 1 0 0 0 0/0 16:38 2:37 0:00
Tom Preissing 0 0 0 -3 0 0 1 5 0 1 0/0 20:37 2:09 0:47
Tuomo Ruutu 0 0 0 -2 0 1 0 0 0 0 0/0 9:34 0:00 0:20
Zbynek Michalek 0 0 0 0 0 1 4 1 0 1 0/0 12:33 0:00 0:00
3 Stars
1 - Hannu Toivonen (NYR)
2 - Radek Bonk (NYR)
3 - Drew Stafford (NYR)
Power Play
Rangers - 0 on 1 Attempt(s) - 0,00%
Jets - 0 on 3 Attempt(s) - 0,00%
Penalty Kill
Rangers - 3 on 3 Attempt(s) - 100,00%
- Score 0 goal in Penalty Kill
Jets - 1 on 1 Attempt(s) - 100,00%
- Score 0 goal in Penalty Kill
Team Stat
Rangers - Hits : 11 - Faceoff Wins : 29 - Blocked Shots : 8 - Penalty Minutes : 6
Jets - Hits : 21 - Faceoff Wins : 27 - Blocked Shots : 12 - Penalty Minutes : 2
Official
Referees : Devorski Paul and Auger Stephane
Linesman : Lonnie Cameron and Tim Nowak
Game Notes
No Game Note
Finance
Level 1 -- Attendance: 6000 (100,00%) -- Ticket Income 450 000 $
Level 2 -- Attendance: 4409 (88,18%) -- Ticket Income 220 450 $
Level 3 -- Attendance: 2000 (100,00%) -- Ticket Income 50 000 $
Level 4 -- Attendance: 3673 (91,83%) -- Ticket Income 66 114 $
Luxury Box -- Attendance: 937 (93,70%) -- Ticket Income 149 920 $
Game was played at the MTS Center'
Total Attendance: 17019 (94,55%)
Total Ticket Income: 936 484 $
Other Income: 140 473 $
Total Income: 1 076 957 $
Rangers
5 vs 5 Forward
Center Left Wing Right Wing Time % Phy DF OF
1 Brad Richards Milan Lucic Johan Franzen 40 1 2 2
2 Patrice Bergeron Mike Cammalleri Drew Stafford 30 1 2 2
3 Valtteri Filppula Alexandre Burrows Jakob Silfverberg 20 1 2 2
4 Radek Bonk Nathan Gerbe Matt Read 10 1 2 2
5 vs 5 Defense
Defense Defense Time % Phy DF OF
1 Ryan Whitney Kimmo Timonen 40 1 2 2
2 Cam Barker Matt Greene 30 1 2 2
3 Alexei Emelin Mark Fistric 20 1 2 2
4 Cam Barker Mark Fistric 10 1 2 2
PowerPlay Forward
Center Left Wing Right Wing Time % Phy DF OF
1 Patrice Bergeron Milan Lucic Drew Stafford 60 1 2 2
2 Brad Richards Mike Cammalleri Alexandre Burrows 40 1 2 2
PowerPlay Defense
Defense Defense Time % Phy DF OF
1 Johan Franzen Ryan Whitney 60 1 2 2
2 Jakob Silfverberg Kimmo Timonen 40 1 2 2
Penalty Kill 4 Players Forward
Center Wing Time % Phy DF OF
1 Patrice Bergeron Milan Lucic 60 1 2 2
2 Radek Bonk Brad Richards 40 1 2 2
Penalty Kill 4 Players Defense
Defense Defense Time % Phy DF OF
1 Cam Barker Mark Fistric 60 1 2 2
2 Matt Greene Ryan Whitney 40 1 2 2
Penalty Kill - 3 Players Forward
Forward Time % Phy DF OF
1 Radek Bonk 60 1 2 2
2 Johan Franzen 40 1 2 2
Penalty Kill - 3 Players Defense
Defense Defense Time % Phy DF OF
1 Cam Barker Mark Fistric 60 1 2 2
2 Matt Greene Alexei Emelin 40 1 2 2
4 vs 4 Forward
Center Wing Time % Phy DF OF
1 Brad Richards Alexandre Burrows 60 1 2 2
2 Patrice Bergeron Drew Stafford 40 1 2 2
4 vs 4 Defense
Defense Defense Time % Phy DF OF
1 Ryan Whitney Mark Fistric 60 1 2 2
2 Cam Barker Kimmo Timonen 40 1 2 2
Last Minutes Offensive
Center Left Wing Right Wing Defense Defense
Brad Richards Milan Lucic Patrice Bergeron Mike Cammalleri Kimmo Timonen
Last Minutes Defensive
Center Left Wing Right Wing Defense Defense
Radek Bonk Milan Lucic Patrice Bergeron Cam Barker Mark Fistric
Goaltenders
Starting : Hannu Toivonen
Backup : Henrik Lundqvist
Extra Forwards
Normal : Milan Lucic, Brad Richards, Patrice Bergeron - PP : Milan Lucic, Brad Richards - PK : Patrice Bergeron
Extra Defensemen
Normal : Mark Fistric, Cam Barker, Ryan Whitney - PP : Mark Fistric - PK : Kimmo Timonen, Cam Barker
Penalty Shots
Milan Lucic, Patrice Bergeron, Nathan Gerbe, Mike Cammalleri, Brad Richards
Jets
5 vs 5 Forward
Center Left Wing Right Wing Time % Phy DF OF
1 Derek Roy Benoit Pouliot Dustin Brown 39 1 2 2
2 Mikko Koivu Jussi Jokinen Ryan Callahan 28 1 2 2
3 Greg Campbell Fredrik Sjostrom Eric Fehr 23 1 2 2
4 Darroll Powe Tuomo Ruutu Chris Thorburn 10 1 2 2
5 vs 5 Defense
Defense Defense Time % Phy DF OF
1 Michal Rozsival Dmitri Kalinin 40 1 2 2
2 Marek Zidlicky Tom Preissing 30 1 2 2
3 Colin White Zbynek Michalek 20 1 2 2
4 Michal Rozsival Dmitri Kalinin 10 1 2 2
PowerPlay Forward
Center Left Wing Right Wing Time % Phy DF OF
1 Derek Roy Benoit Pouliot Dustin Brown 60 1 1 3
2 Mikko Koivu Jussi Jokinen Ryan Callahan 40 1 1 3
PowerPlay Defense
Defense Defense Time % Phy DF OF
1 Michal Rozsival Dmitri Kalinin 60 1 1 3
2 Marek Zidlicky Tom Preissing 40 1 1 3
Penalty Kill 4 Players Forward
Center Wing Time % Phy DF OF
1 Derek Roy Benoit Pouliot 60 1 3 1
2 Greg Campbell Tuomo Ruutu 40 1 3 1
Penalty Kill 4 Players Defense
Defense Defense Time % Phy DF OF
1 Dmitri Kalinin Michal Rozsival 60 1 4 0
2 Colin White Tom Preissing 40 1 4 0
Penalty Kill - 3 Players Forward
Forward Time % Phy DF OF
1 Derek Roy 60 0 4 1
2 Greg Campbell 40 0 4 1
Penalty Kill - 3 Players Defense
Defense Defense Time % Phy DF OF
1 Dmitri Kalinin Michal Rozsival 60 1 4 0
2 Tom Preissing Marek Zidlicky 40 1 4 0
4 vs 4 Forward
Center Wing Time % Phy DF OF
1 Derek Roy Benoit Pouliot 60 1 2 2
2 Mikko Koivu Dustin Brown 40 1 2 2
4 vs 4 Defense
Defense Defense Time % Phy DF OF
1 Dmitri Kalinin Michal Rozsival 60 1 2 2
2 Marek Zidlicky Tom Preissing 40 1 2 2
Last Minutes Offensive
Center Left Wing Right Wing Defense Defense
Derek Roy Benoit Pouliot Dustin Brown Dmitri Kalinin Michal Rozsival
Last Minutes Defensive
Center Left Wing Right Wing Defense Defense
Greg Campbell Tuomo Ruutu Derek Roy Dmitri Kalinin Michal Rozsival
Goaltenders
Starting : Ilya Bryzgalov
Backup : Maxime Daigneault
Extra Forwards
Normal : Greg Campbell, Derek Roy, Fredrik Sjostrom - PP : Greg Campbell, Derek Roy - PK : Fredrik Sjostrom
Extra Defensemen
Normal : Tom Preissing, Dmitri Kalinin, Michal Rozsival - PP : Michal Rozsival - PK : Michal Rozsival, Dmitri Kalinin
Penalty Shots
Benoit Pouliot, Derek Roy, Mikko Koivu, Greg Campbell, Dustin Brown
% Time on Ice - Rangers
Lines # - Real PCT - Wanted PCT - Time Play
Normal Forward
1 - 31% - 40% - 16:05
2 - 30% - 30% - 15:46
3 - 23% - 20% - 11:48
4 - 16% - 10% - 8:25
Normal Defense
1 - 41% - 40% - 21:09
2 - 29% - 30% - 15:08
3 - 22% - 20% - 11:39
4 - 8% - 10% - 4:08
PP Forward
1 - 53% - 60% - 1:03
2 - 47% - 40% - 0:56
PP Defense
1 - 55% - 60% - 1:05
2 - 45% - 40% - 0:54
PK Forward
1 - 73% - 60% - 4:19
2 - 27% - 40% - 1:38
PK Defense
1 - 61% - 60% - 3:37
2 - 39% - 40% - 2:20
PK3 Forward
1 - 0% - 60%
2 - 0% - 40%
PK3 Defense
1 - 0% - 60%
2 - 0% - 40%
44 Forward
1 - 0% - 60%
2 - 0% - 40%
44 Defense
1 - 0% - 60%
2 - 0% - 40%
Last Minute Offensive - 0:00
Last Minute Defensive - 0:00
Total
Forward - 60:00
Defense - 60:00
|
% Time on Ice - Jets
Lines # - Real PCT - Wanted PCT - Time Play
Normal Forward
1 - 33% - 39% - 17:15
2 - 28% - 28% - 14:25
3 - 22% - 23% - 11:34
4 - 17% - 10% - 8:50
Normal Defense
1 - 37% - 40% - 19:28
2 - 34% - 30% - 17:41
3 - 24% - 20% - 12:33
4 - 5% - 10% - 2:22
PP Forward
1 - 56% - 60% - 3:20
2 - 44% - 40% - 2:37
PP Defense
1 - 64% - 60% - 3:48
2 - 36% - 40% - 2:09
PK Forward
1 - 83% - 60% - 1:39
2 - 17% - 40% - 0:20
PK Defense
1 - 61% - 60% - 1:12
2 - 39% - 40% - 0:47
PK3 Forward
1 - 0% - 60%
2 - 0% - 40%
PK3 Defense
1 - 0% - 60%
2 - 0% - 40%
44 Forward
1 - 0% - 60%
2 - 0% - 40%
44 Defense
1 - 0% - 60%
2 - 0% - 40%
Last Minute Offensive - 0:00
Last Minute Defensive - 0:00
Total
Forward - 60:00
Defense - 60:00
|
Play by Play
1st period
0:01 of 1st period - Brad Richards wins face-off versus Derek Roy in neutral zone.
0:04 of 1st period - Dustin Brown is hit by Brad Richards.
0:10 of 1st period - Backhand shot by Benoit Pouliot.
0:10 of 1st period - Stopped by Hannu Toivonen with a rebound.
0:26 of 1st period - Ryan Whitney is hit by Dmitri Kalinin.
1:10 of 1st period - Alexei Emelin is hit by Chris Thorburn and loses puck.
1:19 of 1st period - Wrist shot by Darroll Powe.
1:19 of 1st period - Deflect By Chris Thorburn.
1:19 of 1st period - Stopped by Hannu Toivonen without a rebound.
1:20 of 1st period - Derek Roy wins face-off versus Brad Richards in Rangers zone.
1:33 of 1st period - Wrist shot by Dustin Brown.
1:33 of 1st period - Shot Misses the Net.
1:54 of 1st period - Patrice Bergeron is hit by Mikko Koivu and loses puck.
2:09 of 1st period - Snap shot by Jakob Silfverberg.
2:09 of 1st period - Shot Misses the Net.
2:11 of 1st period - Snap shot by Jakob Silfverberg.
2:11 of 1st period - Shot Misses the Net.
3:14 of 1st period - Off-side.
3:15 of 1st period - Patrice Bergeron wins face-off versus Derek Roy in neutral zone.
3:20 of 1st period - Derek Roy is hit by Patrice Bergeron and loses puck.
3:31 of 1st period - Snap shot by Patrice Bergeron.
3:31 of 1st period - Stopped by Ilya Bryzgalov with a rebound.
4:22 of 1st period - Snap shot by Brad Richards.
4:22 of 1st period - Shot Misses the Net.
4:52 of 1st period - Slapshot by Brad Richards.
4:52 of 1st period - Shot Misses the Net.
4:54 of 1st period - Slapshot by Cam Barker.
4:54 of 1st period - Stopped by Ilya Bryzgalov with a rebound.
5:02 of 1st period - Wrist shot by Milan Lucic.
5:02 of 1st period - Shot Misses the Net.
5:04 of 1st period - Slapshot by Matt Greene.
5:04 of 1st period - Stopped by Ilya Bryzgalov without a rebound.
5:05 of 1st period - Valtteri Filppula wins face-off versus Derek Roy in Jets zone.
5:15 of 1st period - Off-side.
5:16 of 1st period - Derek Roy wins face-off versus Patrice Bergeron in neutral zone.
5:27 of 1st period - Snap shot by Benoit Pouliot.
5:27 of 1st period - Shot Blocked by Drew Stafford.
5:55 of 1st period - Valtteri Filppula is hit by Mikko Koivu.
6:15 of 1st period - Snap shot by Radek Bonk.
6:15 of 1st period - Stopped by Ilya Bryzgalov without a rebound.
6:16 of 1st period - Patrice Bergeron wins face-off versus Derek Roy in Jets zone.
6:19 of 1st period - Snap shot by Patrice Bergeron.
6:19 of 1st period - Stopped by Ilya Bryzgalov without a rebound.
6:20 of 1st period - Derek Roy wins face-off versus Patrice Bergeron in Jets zone.
6:29 of 1st period - Snap shot by Derek Roy.
6:29 of 1st period - Deflect By Mark Fistric.
6:29 of 1st period - Shot Blocked by Mark Fistric.
6:29 of 1st period - Puck is out of play.
6:30 of 1st period - Derek Roy wins face-off versus Mike Cammalleri in Rangers zone.
6:39 of 1st period - Snap shot by Benoit Pouliot.
6:39 of 1st period - Stopped by Hannu Toivonen with a rebound.
7:24 of 1st period - Wrist shot by Jussi Jokinen.
7:24 of 1st period - Stopped by Hannu Toivonen with a rebound.
7:32 of 1st period - Snap shot by Patrice Bergeron.
7:32 of 1st period - Stopped by Ilya Bryzgalov without a rebound.
7:33 of 1st period - Brad Richards wins face-off versus Derek Roy in Jets zone.
8:23 of 1st period - Snap shot by Greg Campbell.
8:23 of 1st period - Stopped by Hannu Toivonen with a rebound.
9:04 of 1st period - Wrist shot by Valtteri Filppula.
9:04 of 1st period - Shot Blocked by Dustin Brown.
9:06 of 1st period - Wrist shot by Jakob Silfverberg.
9:06 of 1st period - Stopped by Ilya Bryzgalov with a rebound.
9:47 of 1st period - Slapshot by Derek Roy.
9:47 of 1st period - Shot Misses the Net.
9:57 of 1st period - Dustin Brown is hit by Mark Fistric and loses puck.
10:39 of 1st period - Slapshot by Eric Fehr.
10:39 of 1st period - Stopped by Hannu Toivonen with a rebound.
10:51 of 1st period - Michal Rozsival is hit by Drew Stafford and loses puck.
11:30 of 1st period - Slapshot by Mike Cammalleri.
11:30 of 1st period - Stopped by Ilya Bryzgalov without a rebound.
11:31 of 1st period - Brad Richards wins face-off versus Mikko Koivu in Jets zone.
11:32 of 1st period - Slapshot by Milan Lucic.
11:32 of 1st period - Deflect By Johan Franzen.
11:32 of 1st period - Stopped by Ilya Bryzgalov without a rebound.
11:33 of 1st period - Brad Richards wins face-off versus Mikko Koivu in Jets zone.
11:48 of 1st period - Wrist shot by Jussi Jokinen.
11:48 of 1st period - Shot Blocked by Ryan Whitney.
11:50 of 1st period - Slapshot by Ryan Callahan.
11:50 of 1st period - Stopped by Hannu Toivonen with a rebound.
11:52 of 1st period - Slapshot by Dmitri Kalinin.
11:52 of 1st period - Stopped by Hannu Toivonen with a rebound.
11:54 of 1st period - Slapshot by Dmitri Kalinin.
11:54 of 1st period - Stopped by Hannu Toivonen with a rebound.
11:56 of 1st period - Snap shot by Dmitri Kalinin.
11:56 of 1st period - Stopped by Hannu Toivonen without a rebound.
11:57 of 1st period - Derek Roy wins face-off versus Alexandre Burrows in Rangers zone.
12:19 of 1st period - Icing by Cam Barker.
12:20 of 1st period - Greg Campbell wins face-off versus Patrice Bergeron in Rangers zone.
13:01 of 1st period - Wrist shot by Patrice Bergeron.
13:01 of 1st period - Stopped by Ilya Bryzgalov with a rebound.
13:16 of 1st period - Snap shot by Patrice Bergeron.
13:16 of 1st period - Shot Misses the Net.
13:43 of 1st period - Off-side.
13:44 of 1st period - Derek Roy wins face-off versus Brad Richards in neutral zone.
13:53 of 1st period - Snap shot by Milan Lucic.
13:53 of 1st period - Stopped by Ilya Bryzgalov with a rebound.
13:55 of 1st period - Slapshot by Cam Barker.
13:55 of 1st period - Shot Blocked by Marek Zidlicky.
13:57 of 1st period - Slapshot by Matt Greene.
13:57 of 1st period - Shot Blocked by Tom Preissing.
13:59 of 1st period - Snap shot by Milan Lucic.
13:59 of 1st period - Shot Misses the Net.
14:11 of 1st period - Cam Barker is hit by Tom Preissing.
14:15 of 1st period - Marek Zidlicky is hit by Alexandre Burrows and loses puck.
15:27 of 1st period - Icing by Mark Fistric.
15:28 of 1st period - Brad Richards wins face-off versus Mikko Koivu in Rangers zone.
15:28 of 1st period - Brad Richards is hit by Zbynek Michalek.
15:36 of 1st period - Snap shot by Johan Franzen.
15:36 of 1st period - Stopped by Ilya Bryzgalov without a rebound.
15:37 of 1st period - Valtteri Filppula wins face-off versus Derek Roy in Jets zone.
16:11 of 1st period - Wrist shot by Jussi Jokinen.
16:11 of 1st period - Shot Misses the Net.
16:15 of 1st period - Slapshot by Jussi Jokinen.
16:15 of 1st period - Stopped by Hannu Toivonen with a rebound.
16:25 of 1st period - Slapshot by Milan Lucic.
16:25 of 1st period - Shot Misses the Net.
16:27 of 1st period - Snap shot by Milan Lucic.
16:27 of 1st period - Shot Misses the Net.
17:02 of 1st period - Icing by Matt Greene.
17:03 of 1st period - Derek Roy wins face-off versus Alexandre Burrows in Rangers zone.
17:55 of 1st period - Ryan Callahan is hit by Johan Franzen and loses puck.
18:02 of 1st period - Slapshot by Tom Preissing.
18:02 of 1st period - Shot Blocked by Milan Lucic.
18:22 of 1st period - Snap shot by Greg Campbell.
18:22 of 1st period - Shot Blocked by Mark Fistric.
18:36 of 1st period - Snap shot by Chris Thorburn.
18:36 of 1st period - Stopped by Hannu Toivonen with a rebound.
18:38 of 1st period - Slapshot by Dmitri Kalinin.
18:38 of 1st period - Stopped by Hannu Toivonen with a rebound.
18:40 of 1st period - Wrist shot by Darroll Powe.
18:40 of 1st period - Stopped by Hannu Toivonen with a rebound.
18:42 of 1st period - Snap shot by Darroll Powe.
18:42 of 1st period - Stopped by Hannu Toivonen without a rebound.
18:43 of 1st period - Milan Lucic wins face-off versus Mikko Koivu in Rangers zone.
Goals for this period are 0 for Rangers vs 0 for Jets.
Shots for this period are 12 for Rangers vs 15 for Jets.
2nd period
0:01 of 2nd period - Brad Richards wins face-off versus Derek Roy in neutral zone.
0:14 of 2nd period - Snap shot by Benoit Pouliot.
0:14 of 2nd period - Shot Blocked by Ryan Whitney.
0:16 of 2nd period - Snap shot by Benoit Pouliot.
0:16 of 2nd period - Shot Misses the Net.
0:31 of 2nd period - Snap shot by Mikko Koivu.
0:31 of 2nd period - Stopped by Hannu Toivonen with a rebound.
1:54 of 2nd period - Snap shot by Jussi Jokinen.
1:54 of 2nd period - Shot Blocked by Matt Greene.
1:56 of 2nd period - Slapshot by Colin White.
1:56 of 2nd period - Deflect By Alexandre Burrows.
1:56 of 2nd period - Stopped by Hannu Toivonen with a rebound.
1:58 of 2nd period - Snap shot by Ryan Callahan.
1:58 of 2nd period - Stopped by Hannu Toivonen with a rebound.
2:00 of 2nd period - Slapshot by Zbynek Michalek.
2:00 of 2nd period - Stopped by Hannu Toivonen with a rebound.
3:02 of 2nd period - Slapshot by Derek Roy.
3:02 of 2nd period - Stopped by Hannu Toivonen without a rebound.
3:03 of 2nd period - Derek Roy wins face-off versus Brad Richards in Rangers zone.
3:28 of 2nd period - Alexei Emelin is hit by Jussi Jokinen and loses puck.
4:41 of 2nd period - Dmitri Kalinin is hit by Matt Greene and loses puck.
5:22 of 2nd period - Snap shot by Michal Rozsival.
5:22 of 2nd period - Stopped by Hannu Toivonen with a rebound.
5:24 of 2nd period - Slapshot by Michal Rozsival.
5:24 of 2nd period - Deflect By Chris Thorburn.
5:24 of 2nd period - Stopped by Hannu Toivonen without a rebound.
5:25 of 2nd period - Brad Richards wins face-off versus Derek Roy in Rangers zone.
5:52 of 2nd period - Snap shot by Jussi Jokinen.
5:52 of 2nd period - Shot Misses the Net.
6:10 of 2nd period - Alexandre Burrows is hit by Zbynek Michalek and loses puck.
6:54 of 2nd period - Snap shot by Milan Lucic.
6:54 of 2nd period - Deflect By Johan Franzen.
6:54 of 2nd period - Stopped by Ilya Bryzgalov without a rebound.
6:55 of 2nd period - Chris Thorburn wins face-off versus Brad Richards in Jets zone.
7:51 of 2nd period - Backhand shot by Ryan Whitney.
7:51 of 2nd period - Shot Misses the Net.
7:53 of 2nd period - Wrist shot by Kimmo Timonen.
7:53 of 2nd period - Stopped by Ilya Bryzgalov without a rebound.
7:54 of 2nd period - Derek Roy wins face-off versus Brad Richards in Jets zone.
8:42 of 2nd period - Alexandre Burrows is hit by Dmitri Kalinin.
8:45 of 2nd period - Cam Barker is hit by Michal Rozsival and loses puck.
9:05 of 2nd period - Derek Roy is hit by Matt Read and loses puck.
9:22 of 2nd period - Milan Lucic is hit by Zbynek Michalek and loses puck.
9:49 of 2nd period - Wrist shot by Patrice Bergeron.
9:49 of 2nd period - Shot Blocked by Tom Preissing.
9:51 of 2nd period - Wrist shot by Patrice Bergeron.
9:51 of 2nd period - Shot Blocked by Tom Preissing.
9:53 of 2nd period - Slapshot by Alexei Emelin.
9:53 of 2nd period - Stopped by Ilya Bryzgalov without a rebound.
9:54 of 2nd period - Derek Roy wins face-off versus Valtteri Filppula in Jets zone.
10:08 of 2nd period - Minor Penalty to Matt Greene for Holding Stick.
10:09 of 2nd period - Patrice Bergeron wins face-off versus Derek Roy in Rangers zone.
10:46 of 2nd period - Icing by Michal Rozsival.
10:47 of 2nd period - Benoit Pouliot wins face-off versus Radek Bonk in Jets zone.
12:08 of 2nd period - Penalty to Matt Greene is over, Matt Greene is back on ice.
12:11 of 2nd period - Slapshot by Ryan Whitney.
12:11 of 2nd period - Deflect By Brad Richards.
12:11 of 2nd period - Shot Blocked by Dmitri Kalinin.
12:11 of 2nd period - Puck is out of play.
12:12 of 2nd period - Derek Roy wins face-off versus Radek Bonk in Jets zone.
12:41 of 2nd period - Snap shot by Jakob Silfverberg.
12:41 of 2nd period - Shot Misses the Net.
12:47 of 2nd period - Alexei Emelin is hit by Zbynek Michalek and loses puck.
12:58 of 2nd period - Wrist shot by Mark Fistric.
12:58 of 2nd period - Stopped by Ilya Bryzgalov with a rebound.
13:00 of 2nd period - Slapshot by Mike Cammalleri.
13:00 of 2nd period - Shot Blocked by Tom Preissing.
13:02 of 2nd period - Snap shot by Drew Stafford.
13:02 of 2nd period - Shot Misses the Net.
13:04 of 2nd period - Wrist shot by Drew Stafford.
13:04 of 2nd period - Goal by Drew Stafford - Rangers : 1 - Jets : 0.
13:05 of 2nd period - Brad Richards wins face-off versus Derek Roy in neutral zone.
13:08 of 2nd period - Snap shot by Milan Lucic.
13:08 of 2nd period - Stopped by Ilya Bryzgalov with a rebound.
13:10 of 2nd period - Slapshot by Kimmo Timonen.
13:10 of 2nd period - Deflect By Michal Rozsival.
13:10 of 2nd period - Stopped by Ilya Bryzgalov without a rebound.
13:11 of 2nd period - Brad Richards wins face-off versus Derek Roy in Jets zone.
13:42 of 2nd period - Slapshot by Patrice Bergeron.
13:42 of 2nd period - Stopped by Ilya Bryzgalov with a rebound.
13:44 of 2nd period - Snap shot by Mike Cammalleri.
13:44 of 2nd period - Stopped by Ilya Bryzgalov with a rebound.
13:46 of 2nd period - Snap shot by Kimmo Timonen.
13:46 of 2nd period - Stopped by Ilya Bryzgalov with a rebound.
14:36 of 2nd period - Cam Barker is hit by Benoit Pouliot and loses puck.
15:19 of 2nd period - Slapshot by Matt Greene.
15:19 of 2nd period - Shot Misses the Net.
15:21 of 2nd period - Wrist shot by Brad Richards.
15:21 of 2nd period - Goal by Brad Richards - Rangers : 2 - Jets : 0.
15:22 of 2nd period - Brad Richards wins face-off versus Derek Roy in neutral zone.
15:58 of 2nd period - Icing by Ryan Whitney.
15:59 of 2nd period - Patrice Bergeron wins face-off versus Derek Roy in Rangers zone.
16:08 of 2nd period - Wrist shot by Patrice Bergeron.
16:08 of 2nd period - Shot Blocked by Dustin Brown.
16:23 of 2nd period - Slapshot by Kimmo Timonen.
16:23 of 2nd period - Stopped by Ilya Bryzgalov without a rebound.
16:24 of 2nd period - Mikko Koivu wins face-off versus Brad Richards in Jets zone.
17:20 of 2nd period - Wrist shot by Drew Stafford.
17:20 of 2nd period - Stopped by Ilya Bryzgalov without a rebound.
17:21 of 2nd period - Mikko Koivu wins face-off versus Brad Richards in Jets zone.
17:28 of 2nd period - Wrist shot by Jussi Jokinen.
17:28 of 2nd period - Stopped by Hannu Toivonen with a rebound.
17:34 of 2nd period - Snap shot by Jussi Jokinen.
17:34 of 2nd period - Deflect By Mikko Koivu.
17:34 of 2nd period - Shot Misses the Net.
17:34 of 2nd period - Puck is out of play.
17:35 of 2nd period - Brad Richards wins face-off versus Derek Roy in Rangers zone.
18:13 of 2nd period - Icing by Mike Cammalleri.
18:14 of 2nd period - Dustin Brown wins face-off versus Patrice Bergeron in Rangers zone.
18:41 of 2nd period - Wrist shot by Patrice Bergeron.
18:41 of 2nd period - Stopped by Ilya Bryzgalov without a rebound.
18:42 of 2nd period - Jussi Jokinen wins face-off versus Brad Richards in Jets zone.
19:56 of 2nd period - Snap shot by Drew Stafford.
19:56 of 2nd period - Shot Misses the Net.
Goals for this period are 2 for Rangers vs 0 for Jets.
Shots for this period are 14 for Rangers vs 8 for Jets.
3rd period
0:01 of 3rd period - Derek Roy wins face-off versus Brad Richards in neutral zone.
0:26 of 3rd period - Kimmo Timonen is hit by Mikko Koivu and loses puck.
0:44 of 3rd period - Minor Penalty to Alexandre Burrows for Roughing.
0:45 of 3rd period - Derek Roy wins face-off versus Patrice Bergeron in Rangers zone.
1:17 of 3rd period - Milan Lucic is hit by Jussi Jokinen and loses puck.
1:41 of 3rd period - Icing by Dustin Brown.
1:42 of 3rd period - Derek Roy wins face-off versus Radek Bonk in Jets zone.
2:03 of 3rd period - Snap shot by Mikko Koivu.
2:03 of 3rd period - Stopped by Hannu Toivonen without a rebound.
2:04 of 3rd period - Patrice Bergeron wins face-off versus Derek Roy in Rangers zone.
2:44 of 3rd period - Penalty to Alexandre Burrows is over, Alexandre Burrows is back on ice.
2:56 of 3rd period - Mark Fistric is hit by Marek Zidlicky and loses puck.
3:07 of 3rd period - Minor Penalty to Chris Thorburn for Slashing.
3:08 of 3rd period - Patrice Bergeron wins face-off versus Derek Roy in Jets zone.
3:11 of 3rd period - Wrist shot by Patrice Bergeron.
3:11 of 3rd period - Shot Misses the Net.
3:13 of 3rd period - Slapshot by Drew Stafford.
3:13 of 3rd period - Shot Misses the Net.
5:07 of 3rd period - Penalty to Chris Thorburn is over, Chris Thorburn is back on ice.
5:13 of 3rd period - Snap shot by Chris Thorburn.
5:13 of 3rd period - Shot Misses the Net.
5:23 of 3rd period - Tuomo Ruutu is hit by Matt Read and loses puck.
5:58 of 3rd period - Greg Campbell is hit by Matt Greene and loses puck.
6:11 of 3rd period - Johan Franzen is hit by Marek Zidlicky.
6:37 of 3rd period - Off-side.
6:38 of 3rd period - Darroll Powe wins face-off versus Radek Bonk in neutral zone.
6:43 of 3rd period - Backhand shot by Radek Bonk.
6:43 of 3rd period - Stopped by Ilya Bryzgalov with a rebound.
6:45 of 3rd period - Snap shot by Ryan Whitney.
6:45 of 3rd period - Stopped by Ilya Bryzgalov with a rebound.
6:47 of 3rd period - Wrist shot by Radek Bonk.
6:47 of 3rd period - Goal by Radek Bonk - Rangers : 3 - Jets : 0.
6:48 of 3rd period - Patrice Bergeron wins face-off versus Derek Roy in neutral zone.
6:58 of 3rd period - Icing by Marek Zidlicky.
6:59 of 3rd period - Brad Richards wins face-off versus Derek Roy in Jets zone.
7:06 of 3rd period - Snap shot by Milan Lucic.
7:06 of 3rd period - Stopped by Ilya Bryzgalov without a rebound.
7:07 of 3rd period - Brad Richards wins face-off versus Derek Roy in Jets zone.
7:10 of 3rd period - Snap shot by Johan Franzen.
7:10 of 3rd period - Stopped by Ilya Bryzgalov with a rebound.
7:12 of 3rd period - Slapshot by Ryan Whitney.
7:12 of 3rd period - Shot Misses the Net.
7:14 of 3rd period - Snap shot by Milan Lucic.
7:14 of 3rd period - Shot Misses the Net.
7:39 of 3rd period - Snap shot by Greg Campbell.
7:39 of 3rd period - Shot Misses the Net.
7:41 of 3rd period - Slapshot by Michal Rozsival.
7:41 of 3rd period - Shot Misses the Net.
8:35 of 3rd period - Wrist shot by Brad Richards.
8:35 of 3rd period - Shot Misses the Net.
8:37 of 3rd period - Wrist shot by Brad Richards.
8:37 of 3rd period - Shot Misses the Net.
9:00 of 3rd period - Off-side.
9:01 of 3rd period - Brad Richards wins face-off versus Derek Roy in neutral zone.
9:14 of 3rd period - Snap shot by Benoit Pouliot.
9:14 of 3rd period - Shot Misses the Net.
9:28 of 3rd period - Alexei Emelin is hit by Ryan Callahan and loses puck.
10:09 of 3rd period - Snap shot by Darroll Powe.
10:09 of 3rd period - Stopped by Hannu Toivonen with a rebound.
10:31 of 3rd period - Slapshot by Nathan Gerbe.
10:31 of 3rd period - Stopped by Ilya Bryzgalov with a rebound.
10:33 of 3rd period - Slapshot by Kimmo Timonen.
10:33 of 3rd period - Stopped by Ilya Bryzgalov with a rebound.
10:37 of 3rd period - Wrist shot by Milan Lucic.
10:37 of 3rd period - Stopped by Ilya Bryzgalov with a rebound.
10:39 of 3rd period - Snap shot by Ryan Whitney.
10:39 of 3rd period - Stopped by Ilya Bryzgalov with a rebound.
10:41 of 3rd period - Snap shot by Johan Franzen.
10:41 of 3rd period - Shot Blocked by Zbynek Michalek.
11:20 of 3rd period - Off-side.
11:21 of 3rd period - Derek Roy wins face-off versus Brad Richards in neutral zone.
11:46 of 3rd period - Patrice Bergeron is hit by Chris Thorburn and loses puck.
12:43 of 3rd period - Icing by Marek Zidlicky.
12:44 of 3rd period - Brad Richards wins face-off versus Derek Roy in Jets zone.
12:45 of 3rd period - Wrist shot by Johan Franzen.
12:45 of 3rd period - Shot Misses the Net.
12:47 of 3rd period - Slapshot by Matt Greene.
12:47 of 3rd period - Shot Blocked by Tom Preissing.
12:55 of 3rd period - Snap shot by Milan Lucic.
12:55 of 3rd period - Stopped by Ilya Bryzgalov with a rebound.
13:21 of 3rd period - Slapshot by Mikko Koivu.
13:21 of 3rd period - Deflect By Patrice Bergeron.
13:21 of 3rd period - Stopped by Hannu Toivonen with a rebound.
13:38 of 3rd period - Slapshot by Greg Campbell.
13:38 of 3rd period - Shot Misses the Net.
13:40 of 3rd period - Slapshot by Colin White.
13:40 of 3rd period - Stopped by Hannu Toivonen with a rebound.
13:49 of 3rd period - Off-side.
13:50 of 3rd period - Darroll Powe wins face-off versus Brad Richards in neutral zone.
14:15 of 3rd period - Ryan Whitney is hit by Michal Rozsival and loses puck.
14:33 of 3rd period - Off-side.
14:34 of 3rd period - Mikko Koivu wins face-off versus Valtteri Filppula in neutral zone.
15:10 of 3rd period - Backhand shot by Alexandre Burrows.
15:10 of 3rd period - Stopped by Ilya Bryzgalov without a rebound.
15:11 of 3rd period - Brad Richards wins face-off versus Derek Roy in Jets zone.
15:23 of 3rd period - Snap shot by Johan Franzen.
15:23 of 3rd period - Shot Blocked by Derek Roy.
15:31 of 3rd period - Kimmo Timonen is hit by Derek Roy and loses puck.
15:54 of 3rd period - Snap shot by Eric Fehr.
15:54 of 3rd period - Stopped by Hannu Toivonen with a rebound.
16:00 of 3rd period - Minor Penalty to Kimmo Timonen for Tripping.
16:01 of 3rd period - Derek Roy wins face-off versus Patrice Bergeron in Rangers zone.
16:08 of 3rd period - Slapshot by Derek Roy.
16:08 of 3rd period - Stopped by Hannu Toivonen without a rebound.
16:09 of 3rd period - Derek Roy wins face-off versus Patrice Bergeron in Rangers zone.
16:10 of 3rd period - Wrist shot by Benoit Pouliot.
16:10 of 3rd period - Shot Blocked by Patrice Bergeron.
16:40 of 3rd period - Slapshot by Michal Rozsival.
16:40 of 3rd period - Stopped by Hannu Toivonen with a rebound.
17:18 of 3rd period - Slapshot by Alexandre Burrows.
17:18 of 3rd period - Stopped by Ilya Bryzgalov without a rebound.
17:19 of 3rd period - Brad Richards wins face-off versus Derek Roy in Jets zone.
17:53 of 3rd period - Snap shot by Brad Richards.
17:53 of 3rd period - Deflect By Alexandre Burrows.
17:53 of 3rd period - Shot Blocked by Dmitri Kalinin.
17:53 of 3rd period - Puck is out of play.
17:54 of 3rd period - Brad Richards wins face-off versus Dustin Brown in Jets zone.
18:00 of 3rd period - Penalty to Kimmo Timonen is over, Kimmo Timonen is back on ice.
18:12 of 3rd period - Tom Preissing is hit by Nathan Gerbe and loses puck.
19:00 of 3rd period - Snap shot by Tuomo Ruutu.
19:00 of 3rd period - Stopped by Hannu Toivonen without a rebound.
19:01 of 3rd period - Brad Richards wins face-off versus Derek Roy in Rangers zone.
19:33 of 3rd period - Slapshot by Zbynek Michalek.
19:33 of 3rd period - Shot Misses the Net.
Goals for this period are 1 for Rangers vs 0 for Jets.
Shots for this period are 12 for Rangers vs 8 for Jets.
Output by the SimonT Hockey Simulator (STHS) for François Prévost -- Original Page W3C XHTML 1.0 Valid